 Dungeon Crawl Stone Soup version 0.18.1-48-g4cf74bf (webtiles) character file.

679 grulito the Sneak (level 7, -1/47 HPs)
             Began as a Halfling Assassin on June 25, 2016.
             Was an Initiate of Dithmenos.
             Slain by Grinder (8 damage)
             ... while paralysed by Grinder
             ... on level 5 of the Dungeon.
             The game lasted 00:34:56 (6114 turns).

grulito the Sneak (Halfling Assassin)               Turns: 6114, Time: 00:34:57

Health: -1/47      AC:  3    Str: 11    XL:     7   Next: 92%
Magic:  7/7        EV:  3    Int: 10    God:    Dithmenos [......]
Gold:   171        SH:  0    Dex: 18    Spells: 0 memorised, 6 levels left

rFire  . . .     SeeInvis .     a - +2 dagger
rCold  . . .     Gourm    .     c - +0 robe
rNeg   . . .     Faith    .     (shield restricted)
rPois  .         Spirit   .     (no helmet)
rElec  .         Dismiss  .     d - +0 cloak
rCorr  .         Reflect  .     (no gloves)
SustAt .         Harm     .     (no boots)
MR     .....                    (no amulet)
Stlth  ++++......               (no ring)
                                (no ring)

@: paralysed, not resistant to hostile enchantments, stealthy
A: mutation resistance 1
a: Renounce Religion


You were on level 5 of the Dungeon.
You worshipped Dithmenos.
Dithmenos was noncommittal.
You were full.

You visited 1 branch of the dungeon, and saw 5 of its levels.

You collected 171 gold pieces.

Inventory:

Hand Weapons
 a - a +2 dagger (weapon)
 b - a +0 blowgun
Missiles
 e - 8 poisoned needles
 f - a curare-tipped needle
 j - 4 needles of confusion (quivered)
Armour
 c - a +0 robe (worn)
 d - a +0 cloak (worn)
 s - a +0 leather armour
Jewellery
 v - an uncursed ring of protection from magic {unknown}
Scrolls
 g - a scroll of magic mapping
 i - 2 scrolls of remove curse
 l - 3 scrolls of identify
 n - a scroll of random uselessness {unknown}
 p - a scroll of teleportation {unknown}
 w - a scroll of immolation {unknown}
 x - a scroll of enchant armour {unknown}
Potions
 k - a potion of cancellation
 o - a potion of invisibility
 q - 3 potions of curing
 r - a potion of degeneration {unknown}
Comestibles
 h - a fruit
 t - a bread ration


   Skills:
 + Level 3.9 Fighting
 + Level 4.5 Short Blades
 + Level 4.0 Throwing
 + Level 5.1 Dodging
 + Level 5.9 Stealth


You had 6 spell levels left.
You didn't know any spells.

Dungeon Overview and Level Annotations

Branches:
Dungeon (5/15)
 Temple: D:4-7

Altars:
Dithmenos
Gozag
Yredelemnul

Annotations:
D:5 Grinder, Menkaure


Innate Abilities, Weirdness & Mutations

You are small and have problems with some larger weapons.
You are somewhat resistant to further mutation.


Message History

You struggle to resist.
You barely miss Grinder.
Grinder is lightly wounded.
You hit Grinder.
Grinder is lightly wounded.
Grinder hits you!
You writhe in agony.
You hit Grinder.
Grinder is moderately wounded.
Grinder barely misses you.
You hit Grinder but do no damage.
Grinder is moderately wounded.
Grinder gestures at you.
You suddenly lose the ability to move!
Grinder says, "I used to sell toenails on the black market."
Grinder hits you!
You writhe in agony.
Grinder gestures at you. Pain shoots through your body!
* * * LOW HITPOINT WARNING * * *
Grinder hits you!
You die...

#. #.. #<. #..##
#....
###....#############
#(......##..........
..."....##..........
...(.....(.5@.......
.....#...#..........
.##..#...#..........
..Z #...#..........
##......
#..............
......#
#......###+####
##..##.###...#..#
.................
.#..##$#.#......


You could see Grinder.

Vanquished Creatures
  Prince Ribbit (D:5)
  2 scorpions
  3 hounds
  Natasha (D:3)
  An iguana (D:5)
  2 worker ants (D:4)
  4 gnolls (D:4)
  6 adders
  3 worms
  A dart slug (D:2)
  3 giant geckos
  10 orcs
  4 bats (D:1)
  5 giant cockroaches
  2 goblins (D:1)
  6 hobgoblins
  6 jackals
  2 ball pythons
  2 giant newts
  9 kobolds
  6 rats
  A spectral orc (D:4)
  3 fungi (D:1)
83 creatures vanquished.

Notes
Turn   | Place    | Note
--------------------------------------------------------------
     0 | D:1      | grulito the Halfling Assassin began the quest for the Orb.
     0 | D:1      | Reached XP level 1. HP: 14/14 MP: 1/1
   258 | D:1      | Reached XP level 2. HP: 14/19 MP: 2/2
  1226 | D:2      | Reached XP level 3. HP: 20/24 MP: 3/3
  1805 | D:2      | Found a faded altar to an unknown god.
  1825 | D:2      | Reached skill level 5 in Stealth
  1825 | D:2      | Reached XP level 4. HP: 29/29 MP: 4/4
  2969 | D:3      | Found an opulent altar of Gozag.
  3083 | D:3      | Reached XP level 5. HP: 35/35 MP: 5/5
  3091 | D:3      | Noticed Natasha
  3103 | D:3      | Killed Natasha
  3647 | D:4      | Found a basalt altar of Yredelemnul.
  3956 | D:4      | Reached XP level 6. HP: 42/42 MP: 6/6
  5036 | D:4      | Found a shadowy altar of Dithmenos.
  5042 | D:4      | Became a worshipper of Dithmenos the Shadowed
  5149 | D:5      | Entered Level 5 of the Dungeon
  5712 | D:5      | Reached XP level 7. HP: 46/46 MP: 7/7
  5736 | D:5      | Noticed Prince Ribbit
  5807 | D:5      | Killed Prince Ribbit
  5898 | D:5      | Reached skill level 5 in Dodging
  6009 | D:5      | Noticed Menkaure
  6089 | D:5      | Noticed Grinder
  6111 | D:5      | Paralysed by Grinder for 6 turns
  6114 | D:5      | Slain by Grinder

Skill      XL: |  1  2  3  4  5  6  7 |
---------------+----------------------+-----
Fighting       | 2 3 |  3.9
Short Blades   | 3 4 |  4.5
Stealth        | 5 |  5.9
Dodging        | 2 3 4 5 |  5.1
Throwing       | 3 4 |  4.0

Action                   |  1- 3 |  4- 6 |  7- 9 || total
-------------------------+-------+-------+-------++-------
Melee: Dagger            |   157 |   209 |    31 ||   397
 Fire: Blowgun           |     6 |    19 |    20 ||    45
  Use: Scroll            |     5 |     4 |       ||     9
       Potion            |     2 |     1 |     1 ||     4
 Stab: Sleeping          |     9 |    11 |     1 ||    21
  Eat: Fruit             |     4 |     2 |       ||     6
       Bread ration      |       |     2 |       ||     2
       Meat ration       |       |       |     1 ||     1
       Beef jerky        |       |       |     1 ||     1
Armor: Robe              |    19 |    23 |     3 ||    45
Dodge: Dodged            |    67 |   146 |    19 ||   232
